 Dungeon Crawl Stone Soup version 0.29-a0-668-g12ee2bf84d (webtiles) character file.

Game seed: 3899384528053046383

1094 hquester1 the Shield-Bearer (level 8, 0/70 HPs)
             Began as a Minotaur Fighter on June 23, 2022.
             Was a Believer of Okawaru.
             Slain by a steam dragon (5 damage)
             ... on level 6 of the Dungeon.
             The game lasted 00:12:50 (5374 turns).

hquester1 the Shield-Bearer (Minotaur Fighter)      Turns: 5374, Time: 00:12:51

Health: 0/70       AC: 11    Str: 21    XL:     8   Next: 10%
Magic:  7/7        EV: 11    Int:  5    God:    Okawaru [**....]
Gold:   304        SH: 11    Dex: 12    Spells: 7/7 levels left

rFire   . . .      SeeInvis .   a - +0 flail
rCold   . . .      Faith    .   c - +1 buckler
rNeg    . . .      Spirit   .   b - +0 scale mail
rPois   .          Reflect  +   (helmet restricted)
rElec   .          Harm     .   m - scarf {repulsion}
rCorr   .          Rampage  .   (no gloves)
Will    .....                   (no boots)
Stlth   ..........              l - amulet of reflection
HPRegen 0.21/turn               f - +4 ring of protection
MPRegen 0.10/turn               (no ring)

@: repel missiles
A: horns 2, retaliatory headbutt
a: Renounce Religion, Heroism


You were on level 6 of the Dungeon.
You worshipped Okawaru.
Okawaru was pleased with you.
You visited 1 branch of the dungeon, and saw 6 of its levels.

You collected 304 gold pieces.

Inventory:

Hand Weapons
 a - a +0 flail (weapon)
 g - a +1 whip of draining
 t - a +0 war axe
Armour
 b - a +0 scale mail (worn)
 c - a +1 buckler (worn)
 m - a scarf of repulsion (worn)
Jewellery
 f - a +4 ring of protection (left hand)
 l - an amulet of reflection (around neck)
 n - a ring of magical power
 r - an amulet of magic regeneration
Wands
 e - a wand of iceblast (9)
Scrolls
 k - 4 scrolls of teleportation
 o - 2 scrolls of amnesia
 p - a scroll of immolation
 q - 2 scrolls of enchant armour
 x - a scroll of torment
Potions
 d - 2 potions of might
 h - 2 potions of invisibility {unknown}
 i - 2 potions of attraction
 j - 2 potions of lignification
 s - a potion of heal wounds {unknown}
 u - 5 potions of curing
 v - a potion of flight {unknown}
 w - a potion of degeneration {unknown}


   Skills:
 + Level 6.2 Fighting
 + Level 5.5 Maces & Flails
 + Level 6.2 Armour
 + Level 4.3 Dodging
 + Level 6.2 Shields


You had 7 spell levels left.
You didn't know any spells.
Your spell library contained the following spells:

 Spells                   Type           Power      Damage    Failure   Level
 Apportation              Tloc           0%         N/A       86%         1
 Foxfire                  Conj/Fire      0%         2x1d4     86%         1
 Necrotize                Necr           0%         1d4       86%         1
 Slow                     Hex            0%         N/A       86%         1
 Searing Ray              Conj           0%         2d4       95%         2
 Confusing Touch          Hex            0%         N/A       99%         3
 Conjure Flame            Conj/Fire      0%         6-21      99%         3
 Inner Flame              Hex/Fire       0%         N/A       99%         3
 Vampiric Draining        Necr           0%         2d6       99%         3
 Flame Wave               Conj/Fire      0%         2d4       100%        4
 Starburst                Conj/Fire      0%         6d3       100%        6
 Summon Small Mammal      Summ           Unusable   N/A       N/A         1

Dungeon Overview and Level Annotations

Branches:
Dungeon (6/15)
 Temple: D:4-7

Altars:
Hepliaklqana
Okawaru
Sif Muna
Uskayaw
Vehumet
Wu Jian
Xom


Innate Abilities, Weirdness & Mutations

You have a pair of horns on your head.
You reflexively headbutt those who attack you in melee.


Message History

The steam dragon is heavily wounded.
The steam dragon breathes steam at you. The ball of steam hits you!
The steam dragon bites you but does no damage.
The steam dragon claws you but does no damage.
You closely miss the steam dragon.
The steam dragon is heavily wounded.
You block the steam dragon's attack.
The steam dragon claws you but does no damage.
You closely miss the steam dragon.
The steam dragon is heavily wounded.
The steam dragon bites you but does no damage.
You block the steam dragon's attack.
You closely miss the steam dragon.
The steam dragon is heavily wounded.
You block the steam dragon's attack. The steam dragon closely misses you.
The steam dragon bites you but does no damage.
You block the steam dragon's attack.
You hit the steam dragon but do no damage.
The steam dragon is heavily wounded.
You block the steam dragon's attack. x2
You barely miss the steam dragon.
The steam dragon is heavily wounded.
The steam dragon breathes steam at you. The ball of steam hits you!!
* * * LOW HITPOINT WARNING * * *
The steam dragon closely misses you. You furiously retaliate!
You headbutt the steam dragon, but do no damage.
You block the steam dragon's attack.
You closely miss the steam dragon.
You headbutt the steam dragon, but do no damage.
The steam dragon is heavily wounded.
The steam dragon closely misses you. You block the steam dragon's attack.
You hit the steam dragon but do no damage.
The steam dragon is heavily wounded.
The steam dragon breathes steam at you. The ball of steam hits you!
* * * LOW HITPOINT WARNING * * *
The steam dragon bites you.
You die...

##########
.......§.#
.......§.#
.......§@###########
......$D§..§.......#
........§.########.#
..).....§.# #.#
..........# #.#
...!......# #.#
....<....## #.#
.######### #.#
########### #.#


You could see a steam dragon (catching breath).

Vanquished Creatures
  Prince Ribbit (D:5)
  A black bear (D:4)
  A phantom (D:5)
  A bullfrog (D:5)
  4 scorpions
  A jelly (D:5)
  3 hounds
  2 iguanas
  An orc wizard (D:4)
  A mummy (D:4)
  4 gnolls (D:5)
  7 adders
  2 shadow imps (D:5)
  A white imp (D:3)
  An ufetubus (D:5)
  4 dart slugs
  3 worms
  11 orcs
  A ball python (D:2)
  7 bats
  8 endoplasms
  7 giant cockroaches
  3 hobgoblins
  3 jackals (D:1)
  4 quokkas
  5 frilled lizards
  9 goblins
  2 hobgoblin zombies (D:4)
  8 kobolds
  A kobold zombie (D:4)
  An orc zombie (D:4)
  4 rats
112 creatures vanquished.

Notes
Turn   | Place    | Note
-------+----------+-------------------------------------------
     0 | D:1      | hquester1 the Minotaur Fighter began the quest for the Orb.
     0 | D:1      | Reached XP level 1. HP: 19/19 MP: 0/0
   132 | D:1      | Found a faded altar of an unknown god.
   190 | D:1      | Reached XP level 2. HP: 27/27 MP: 1/1
   263 | D:1      | Got the Guide on Conjuration
   844 | D:2      | Reached skill level 1 in Dodging
   977 | D:2      | Reached XP level 3. HP: 33/33 MP: 2/2
  1091 | D:2      | Noticed a scorpion
  1098 | D:2      | Killed a scorpion
  1099 | D:2      | Reached XP level 4. HP: 39/40 MP: 3/3
  1820 | D:3      | Found an iron altar of Okawaru.
  1831 | D:3      | Became a worshipper of Warmaster Okawaru
  1847 | D:3      | Reached XP level 5. HP: 27/47 MP: 4/4
  1994 | D:3      | Found a shimmering altar of Xom.
  1995 | D:3      | Found a hide-covered altar of Uskayaw.
  2132 | D:3      | Found a hazy altar of Hepliaklqana.
  3421 | D:4      | Reached XP level 6. HP: 25/55 MP: 5/5
  3430 | D:4      | Reached skill level 5 in Armour
  3430 | D:4      | Reached skill level 5 in Shields
  3771 | D:4      | Reached * piety under Okawaru
  3772 | D:4      | Reached skill level 5 in Fighting
  4147 | D:5      | Entered Level 5 of the Dungeon
  4155 | D:5      | Found an ornate altar of the Wu Jian Council.
  4166 | D:5      | Reached XP level 7. HP: 49/61 MP: 6/6
  4389 | D:5      | Noticed Prince Ribbit
  4406 | D:5      | Killed Prince Ribbit
  4406 | D:5      | Reached ** piety under Okawaru
  4407 | D:5      | Reached skill level 5 in Maces & Flails
  4687 | D:5      | Reached XP level 8. HP: 70/70 MP: 7/7
  4817 | D:5      | Found a shimmering blue altar of Sif Muna.
  5147 | D:5      | Found a radiant altar of Vehumet.
  5374 | D:6      | Slain by a steam dragon

Illustrated notes

Levels and vault maps discovered:
D:1:      nicolae_arrival_memento_mori, layout_basic,
          hellmonk_ecumenical_altar_pennies_from_heaven
D:2:      layout_loops_corners
D:3:      layout_loops_ring, mainiacjoe_overflow_chevrons, okawaru_gym_becter,
          nicolae_overflow_squiral, kennysheep_small_spiral,
          chequers_serial_rivers_micro_c, minmay_misc_feat_ornament
D:4:      layout_basic, minmay_statues_item, minmay_mini_ossuary
D:5:      layout_cave_pools, lemuel_crystal_altar, led_sif_pool,
          lemuel_tele_altar, lemuel_flame_loot_1, uniq_prince_ribbit1
D:6:      layout_basic

Skill      XL: |  1  2  3  4  5  6  7 |
---------------+----------------------+-----
Dodging        | 1 2 3 4 |  4.3
Armour         | 4 5 6 |  6.2
Shields        | 4 5 6 |  6.2
Fighting       | 4 5 6 |  6.2
Maces & Flails | 3 4 5 |  5.5

Action                   |  1- 3 |  4- 6 |  7- 9 || total
-------------------------+-------+-------+-------++-------
Melee: Flail             |    61 |   184 |    87 ||   332
       Headbutt          |    11 |    22 |    14 ||    47
  Use: Scroll            |       |    13 |       ||    13
Armor: Scale mail        |    30 |   110 |    32 ||   172
Dodge: Dodged            |    22 |    76 |    38 ||   136
       Repelled          |       |     2 |       ||     2
Block: Buckler           |     9 |    64 |    59 ||   132
       Reflection        |       |       |     4 ||     4

Table legend: (Time is in decaauts)
 A = Elapsed time spent in this place.
 B = Non-inter-level travel time spent in this place.
 C = Inter-level travel time spent in this place.
 D = Time resting spent in this place.
 E = Time spent auto-exploring this place.
 F = Levels seen in this place.
 G = Mean time per level.
                   A        B        C        D        E       F      G
               +--------+--------+--------+--------+--------+-----+--------+
         Total |   5455 |   5340 |    115 |    289 |   4013 |   6 |  909.2 |
       Dungeon |   5455 |   5340 |    115 |    289 |   4013 |   6 |  909.2 |
               +--------+--------+--------+--------+--------+-----+--------+

Top non-repeatable levels by time:
     D:4: 1212 daAuts
     D:3: 1170 daAuts
     D:5: 1041 daAuts
     D:2: 999 daAuts
     D:1: 830 daAuts
     D:6: 201 daAuts
